 Dungeon Crawl Stone Soup version 0.31-a0-358-gac0dbeb3ab (webtiles) character file.

Game seed: 343823748279858310

10 zero the Ruffian (level 2, 26/26 HPs)
             Began as a Troll Shapeshifter on July 25, 2023.
             Quit the game on level 1 of the Dungeon.
             The game lasted 00:00:35 (289 turns).

zero the Ruffian (Troll Shapeshifter)                Turns: 289, Time: 00:00:36

Health: 26/26      AC:  4    Str: 22    XL:     2   Next: 10%
Magic:  1/1        EV:  9    Int:  4    God:
Gold:   0          SH:  0    Dex: 10    Spells: 1/1 levels left

rFire   . .          .
                       - Unarmed
rCold   . . .        (no shield)
rNeg    . . .        a - +0 animal skin
rPois   .            (helmet currently unavailable)
rElec   .            (cloak currently unavailable)
rCorr   .            (gloves unavailable)
SInv    .            (boots unavailable)
Will    .....        (no amulet)
Stlth   +            f - ring of flight
HPRegen 1.04/turn    (no ring)
MPRegen 0.07/turn

%: no passive effects
@: beast-form, flying
A: beast (slay +2), large, unfitting armour, claws 3, regeneration 1, shaggy fur
1, tough skin 1
a: Begin Untransformation


You were on level 1 of the Dungeon.
You were a hulking beast.
You visited 1 branch of the dungeon, and saw 1 of its levels.

Inventory:

Armour
 a - a +0 animal skin (worn)
Jewellery
 f - a ring of flight (left claw)
Talismans
 c - a beast talisman
Scrolls
 d - a scroll of teleportation {unknown}
 e - a scroll of identify {unknown}
Potions
 b - a potion of lignification
 g - a potion of degeneration {unknown}
 h - a potion of ambrosia {unknown}


   Skills:
 - Level 0.7 Fighting
 - Level 1.5 Dodging
 + Level 3.6 Unarmed Combat
 - Level 3.0 Shapeshifting


You had one spell level left.
You didn't know any spells.
Your spell library contained the following spells:

 Spells                   Type           Power      Damage    Failure   Level
 Summon Small Mammal      Summ           0%         N/A       50%         1
 Call Canine Familiar     Summ           0%         N/A       86%         3
 Summon Guardian Golem    Hex/Summ       0%         N/A       86%         3


Dungeon Overview and Level Annotations

Branches:
Dungeon (1/15)

Altars:


Innate Abilities, Weirdness & Mutations

You are a hulking beast.
Your limbs bulge with bestial killing power. (Slay +2)
You are too large for most types of armour.
You have claws for hands.
Your natural rate of healing is unusually fast.
You are covered in fur. (AC +1)
You have tough skin. (AC +1)


Message History

There are monsters nearby!
The goblin hits you with a +0 club.
You closely miss the quokka.
The quokka bites you but does no damage.
The goblin closely misses you.
You claw the quokka!
You kill the quokka!
The goblin closely misses you.
You closely miss the ball python.
You claw the ball python, but do no damage.
The ball python barely misses you.
You claw the ball python!
You kill the ball python!
The goblin hits you with a +0 club.
You have reached level 2!
You closely miss the goblin. The goblin closely misses you.
You barely miss the goblin. The goblin hits you but does no damage.
You barely miss the goblin. The goblin hits you with a +0 club.
You claw the goblin!
You kill the goblin!
No target in view!
No target in view!
No target in view!
No target in view!
No target in view!
No target in view!
No target in view!
No target in view!
No target in view!
No target in view!
No target in view!
HP restored.
g - a fuming purple potion
h - a smoky green potion A goblin comes into view.
It is wielding a +0 dagger.
Found a club.
The goblin shouts!
You see here 14 gold pieces.
A goblin is nearby!
Are you sure you want to abandon this character and quit the game? (Confirm with "yes".)

......# #######
#...!..#
#......##......#
#......##......#
#......##......#
#......##....####
#.>......)......#
#............##.####
#...........h.......
##.##.....##.#.##.##
#........##.# ..
######.##.........
g)#
#...##.###.##.##...
.# #...##.#
#....##.... #
#...##.#########.....
#.......# #######
#.......# #++


You could see a goblin.

Vanquished Creatures
  3 endoplasms (D:1)
  A goblin (D:1)
  A quokka (D:1)
  2 ball pythons (D:1)
  A bat (D:1)
  A kobold (D:1)
9 creatures vanquished.

Notes
Turn   | Place    | Note
-------+----------+-------------------------------------------
     0 | D:1      | zero the Troll Shapeshifter began the quest for the Orb.
     0 | D:1      | Reached XP level 1. HP: 18/18 MP: 0/0
   273 | D:1      | Reached XP level 2. HP: 23/26 MP: 1/1
   289 | D:1      | Quit the game

Illustrated notes

Levels and vault maps discovered:
D:1:      beargit_arrival_diablo_church, layout_basic, st_stairs_2

Action                     || total
---------------------------++-------
  Melee: Unarmed           ||    18
         Punch             ||     1
 Armour: Animal skin       ||     6
  Dodge: Dodged            ||     9

Table legend: (Time is in decaauts)
 A = Elapsed time spent in this place.
 B = Non-inter-level travel time spent in this place.
 C = Inter-level travel time spent in this place.
 D = Time resting spent in this place.
 E = Time spent auto-exploring this place.
 F = Levels seen in this place.
 G = Mean time per level.
                   A        B        C        D        E       F      G
               +--------+--------+--------+--------+--------+-----+--------+
         Total |    287 |    287 |      0 |      0 |    242 |   1 |  287.0 |
       Dungeon |    287 |    287 |      0 |      0 |    242 |   1 |  287.0 |
               +--------+--------+--------+--------+--------+-----+--------+

Top non-repeatable levels by time:
     D:1: 287 daAuts
